 Dungeon Crawl Stone Soup version 0.31-a0-965-g8a8ce12e04 (webtiles) character file.

Game seed: 13769975952557719476

463 CowFu the Ruffian (level 7, -7/52 HPs)
             Began as a Gnoll Shapeshifter on Oct 27, 2023.
             Was a Believer of Fedhas.
             Shot with a sling bullet by a gnoll (12 damage)
             ... led by a gnoll bouda
             ... on level 4 of the Dungeon.
             The game lasted 00:04:40 (2697 turns).

CowFu the Ruffian (Gnoll Shapeshifter)              Turns: 2697, Time: 00:04:40

Health: -7/52      AC:  2    Str: 13 (14) XL:     7   Next: 7%
Magic:  10/10      EV: 14    Int:  7 (8)  God:    Fedhas [**....]
Gold:   134        SH:  0    Dex: 16      Spells: 10/10 levels left

rFire   . .          .
                       - Unarmed
rCold   + + .        (no shield)
rNeg    . . .        a - +0 animal skin
rPois   .            (helmet currently unavailable)
rElec   .            (cloak currently unavailable)
rCorr   .            (gloves currently unavailable)
SInv    .            (boots currently unavailable)
Will    ++...        (no amulet)
Stlth   ++           e - ring of the Thistle {rC++ Will++ Slay+4}
HPRegen 0.28/turn    (no ring)
MPRegen 0.12/turn

%: no passive effects
@: beast-form, weakened
A: beast (slay +3), fangs 1, strong nose, distributed training, agile 1,
deterioration 1
a: Begin Untransformation, Renounce Religion, Wall of Briars


You were on level 4 of the Dungeon.
You worshipped Fedhas.
Fedhas was pleased with you.
You were a hulking beast.
You visited 1 branch of the dungeon, and saw 4 of its levels.
You also visited: Sewer.

You collected 158 gold pieces.
You spent 24 gold pieces at shops.

Inventory:

Armour
 a - a +0 animal skin (worn)
 i - a +1 pair of gloves
 n - a +0 cloak
Jewellery
 e - the ring of the Thistle (left hand) {rC++ Will++ Slay+4}
   (You acquired it in a sewer)

   [ring of slaying]

   Slay+4:    It affects your accuracy & damage with ranged weapons and melee
   (+4).
   rC++:      It greatly protects you from cold.
   Will++:    It greatly increases your willpower.
 j - a +4 ring of protection
 m - a ring of flight
 p - a ring of protection from cold
Talismans
 c - a beast talisman
 d - a flux talisman
Scrolls
 f - 5 scrolls of teleportation
 k - 2 scrolls of fear
 q - a scroll of identify
Potions
 b - a potion of lignification
 g - a potion of ambrosia
 h - a potion of curing
 l - 2 potions of magic
 o - a potion of mutation


   Skills:
 + Level 3.5 Fighting
 + Level 2.3 Short Blades
 + Level 2.3 Long Blades
 + Level 2.3 Axes
 + Level 2.3 Maces & Flails
 + Level 2.3 Polearms
 + Level 2.3 Staves
 + Level 2.3 Ranged Weapons
 + Level 2.3 Throwing
 + Level 2.3 Armour
 + Level 5.1 Dodging
 + Level 2.3 Stealth
 + Level 2.3 Shields
 + Level 7.0 Unarmed Combat
 + Level 2.3 Spellcasting
 + Level 1.8 Conjurations
 + Level 1.8 Hexes
 + Level 1.8 Summonings
 + Level 1.8 Necromancy
 + Level 1.8 Translocations
 + Level 1.8 Transmutations
 + Level 1.8 Fire Magic
 + Level 1.8 Ice Magic
 + Level 1.8 Air Magic
 + Level 1.8 Earth Magic
 + Level 1.8 Poison Magic
 + Level 2.5 Invocations
 + Level 2.3 Evocations
 + Level 6.9 Shapeshifting


You had 10 spell levels left.
You didn't know any spells.
Your spell library contained the following spells:

 Spells                   Type           Power      Damage    Failure   Level
 Sublimation of Blood     Necr           3%         N/A       26%         2
 Wereblood                Tmut           3%         N/A       26%         2
 Call Canine Familiar     Summ           3%         N/A       45%         3
 Sigil of Binding         Hex            3%         N/A       45%         3
 Dimensional Bullseye     Hex/Tloc       1%         N/A       86%         4
 Leda's Liquefaction      Hex/Erth       1%         N/A       86%         4
 Summon Hydra             Summ           1%         N/A       100%        7


Dungeon Overview and Level Annotations

Branches:
Dungeon (4/15)              Sewer (visited)
 Temple: D:4-7

Altars:
Fedhas

Shops:
D:3 *


Innate Abilities, Weirdness & Mutations

You are a hulking beast.
Your limbs bulge with bestial killing power. (Slay +3)
You have very sharp teeth.
Your uncanny sense of smell can sniff out nearby items.
Your experience applies equally to all skills.
You are agile. (Dex +4, Str/Int -1)
Your body sometimes deteriorates upon taking damage.


Message History

The hound bites you.
* * * LOW HITPOINT WARNING * * *
The hound closely misses you.
You barely miss the hound. The hound completely misses you.
You punch the hound!
You kill the hound!
Fedhas appreciates your contribution to the ecosystem.
You feel your dexterity returning.
Your Unarmed Combat skill increases to level 7!
You see here a hound corpse.
A gnoll comes into view. It is wielding a +0 whip.
A gnoll bouda comes into view. It is wielding a +0 club.
There are monsters nearby!
The gnoll shouts!
You hear a shout!
The gnoll throws a stone.
The stone hits you.
The gnoll bouda barks out a call to the hunt!
The gnoll picks up the pace!
Things that are here:
a +0 club; a goblin corpse
There are monsters nearby!
A gnoll comes into view.
It is wielding a +0 whip, wearing the ring of the Devil's Advocate {+Blink rF- Str+6 Int+3 SInv} and quivering poisoned darts.
The gnoll throws a poisoned dart.
The poisoned dart closely misses you.
The gnoll throws a stone.
The stone barely misses you.
There are monsters nearby!
A gnoll comes into view.
It is wielding the +6 sling "Isotwy" {flame, rC+}.
The gnoll shouts!
The gnoll throws a stone.
The stone hits you.
The gnoll bouda gazes fiercely through you!
You feel your attacks grow feeble.
The gnoll shoots a sling bullet.
The sling bullet hits you!
* * * LOW HITPOINT WARNING * * *
Your body deteriorates!
You feel dopey. The sling bullet burns you.
* * * LOW HITPOINT WARNING * * *
The gnoll throws a poisoned dart.
The poisoned dart closely misses you.
You are too injured to fight recklessly!
There are monsters nearby!
The gnoll shoots a sling bullet.
The sling bullet hits you!
You die...
Fedhas appreciates your contribution to the ecosystem.

...S.......##.........#.
.#.#.#.#...##.....#....
..(.............>.#...###
#.#.#.#......#...#.....#
............##........##
.#.#.#.#.................##
.....)...........#........#
.#.#.#.#........##.†......#
.>....../...gg.h).......##
#.#.#.#...g......)<....##
..................)....##
.#.#.#.#.......#.†###.##
.........g.....##...###
.#.#.#.#........#....#
.........#..........#
.#.#.#.##.....#...## >.##..
......###..


You could see a gnoll bouda and 3 gnolls.

Vanquished Creatures
  Pargi (Sewer)
  An ogre (D:4)
  2 hounds (D:4)
  A jelly (D:4)
  An iguana (D:4)
  An orc wizard (D:3)
  3 adders
  2 gnolls
  A river rat (D:3)
  2 worms (D:2)
  3 dart slugs
  4 orcs (D:3)
  13 ball pythons
  4 bats
  7 endoplasms
  A giant cockroach (D:1)
  5 goblins
  10 hobgoblins
  5 kobolds
  2 quokkas
  4 frilled lizards
  7 rats
80 creatures vanquished.

Notes
Turn   | Place    | Note
-------+----------+-------------------------------------------
     0 | D:1      | CowFu the Gnoll Shapeshifter began the quest for the Orb.
     0 | D:1      | Reached XP level 1. HP: 17/17 MP: 1/1
    43 | D:1      | Reached XP level 2. HP: 23/23 MP: 2/2
   160 | D:1      | Found a faded altar of an unknown god.
   171 | D:1      | Prayed at the altar of an unknown god.
   171 | D:1      | Became a worshipper of Fedhas Madash
   171 | D:1      | Reached * piety under Fedhas
   383 | D:1      | Reached XP level 3. HP: 28/28 MP: 3/3
   769 | D:2      | Reached skill level 1 in Invocations
  1011 | D:2      | Reached skill level 1 in Short Blades
  1011 | D:2      | Reached skill level 1 in Long Blades
  1011 | D:2      | Reached skill level 1 in Axes
  1011 | D:2      | Reached skill level 1 in Maces & Flails
  1011 | D:2      | Reached skill level 1 in Polearms
  1011 | D:2      | Reached skill level 1 in Staves
  1011 | D:2      | Reached skill level 1 in Ranged Weapons
  1011 | D:2      | Reached skill level 1 in Throwing
  1011 | D:2      | Reached skill level 1 in Armour
  1011 | D:2      | Reached skill level 1 in Stealth
  1011 | D:2      | Reached skill level 1 in Shields
  1011 | D:2      | Reached skill level 1 in Spellcasting
  1011 | D:2      | Reached skill level 1 in Evocations
  1071 | D:2      | Reached XP level 4. HP: 25/34 MP: 5/5
  1074 | D:2      | Reached ** piety under Fedhas
  1527 | D:3      | Found a glowing drain.
  1554 | D:3      | Reached skill level 1 in Conjurations
  1554 | D:3      | Reached skill level 1 in Hexes
  1554 | D:3      | Reached skill level 1 in Summonings
  1554 | D:3      | Reached skill level 1 in Necromancy
  1554 | D:3      | Reached skill level 1 in Translocations
  1554 | D:3      | Reached skill level 1 in Transmutations
  1554 | D:3      | Reached skill level 1 in Fire Magic
  1554 | D:3      | Reached skill level 1 in Ice Magic
  1554 | D:3      | Reached skill level 1 in Air Magic
  1554 | D:3      | Reached skill level 1 in Earth Magic
  1554 | D:3      | Reached skill level 1 in Poison Magic
  1557 | Sewer    | Entered a sewer
  1720 | Sewer    | Noticed Pargi
  1732 | Sewer    | HP: 1/34 [Pargi (3)]
  1738 | Sewer    | Killed Pargi
  1739 | Sewer    | Reached XP level 5. HP: 27/41 MP: 5/7
  1814 | Sewer    | Identified a scroll of acquirement
  1814 | Sewer    | Identified the "Iclut" (You acquired it in a sewer)
  1814 | Sewer    | Acquired the ring of the Thistle {rC++ Will++ Slay+4}
  1835 | Sewer    | Gained mutation: You are agile. (Dex +4, Str/Int -1)
                  | [potion of mutation]
  1835 | Sewer    | Gained mutation: Your body sometimes deteriorates upon
                  | taking damage. [potion of mutation]
  1999 | D:3      | Found Camnasiri's Assorted Antiques.
  2006 | D:3      | Bought a scroll labelled BEAGIBL JELE for 24 gold pieces
  2445 | D:3      | Reached XP level 6. HP: 38/47 MP: 8/8
  2563 | D:4      | Reached skill level 5 in Dodging
  2646 | D:4      | Reached XP level 7. HP: 17/52 MP: 10/10
  2649 | D:4      | Reached skill level 7 in Unarmed Combat
  2695 | D:4      | Identified the ring of the Devil's Advocate {+Blink rF-
                  | Str+6 Int+3 SInv}
  2696 | D:4      | Identified the +6 sling "Isotwy" {flame, rC+}
  2697 | D:4      | Shot with a sling bullet by a gnoll

Illustrated notes

Levels and vault maps discovered:
D:1:      roderic_dead_forest, layout_basic, hellmonk_ecumenical_altar_run_dry,
          minmay_pentomino_s2
D:2:      layout_loops_ring, grunt_ministairs_6, minmay_bisected
D:3:      layout_basic, cheibrodos_sewer_entry_sluice, serial_shops, shop,
          patterned_corridor
D:4:      layout_cave_pools, st_stairs_11

Skill      XL: |  1  2  3  4  5  6  7 |
---------------+----------------------+-----
Invocations    | 1 2 |  2.5
Short Blades   | 1 2 |  2.3
Long Blades    | 1 2 |  2.3
Axes           | 1 2 |  2.3
Maces & Flails | 1 2 |  2.3
Polearms       | 1 2 |  2.3
Staves         | 1 2 |  2.3
Ranged Weapons | 1 2 |  2.3
Throwing       | 1 2 |  2.3
Armour         | 1 2 |  2.3
Stealth        | 1 2 |  2.3
Shields        | 1 2 |  2.3
Spellcasting   | 1 2 |  2.3
Evocations     | 1 2 |  2.3
Conjurations   | 1 |  1.8
Hexes          | 1 |  1.8
Summonings     | 1 |  1.8
Necromancy     | 1 |  1.8
Translocations | 1 |  1.8
Transmutations | 1 |  1.8
Fire Magic     | 1 |  1.8
Ice Magic      | 1 |  1.8
Air Magic      | 1 |  1.8
Earth Magic    | 1 |  1.8
Poison Magic   | 1 |  1.8
Fighting       | 3 |  3.5
Dodging        | 5 |  5.1
Unarmed Combat | 7 |  7.0
Shapeshifting  | |  6.9

Action                     |  1- 3 |  4- 6 |  7- 9 || total
---------------------------+-------+-------+-------++-------
  Melee: Unarmed           |    56 |    98 |     2 ||   156
         Punch             |     1 |     3 |       ||     4
         Bite              |       |    18 |       ||    18
    Use: Potion            |       |     6 |       ||     6
         Scroll            |       |    11 |       ||    11
   Stab: Sleeping          |     2 |     4 |       ||     6
 Armour: Animal skin       |    15 |    63 |     5 ||    83
  Dodge: Dodged            |    33 |    64 |     5 ||   102

Table legend: (Time is in decaauts)
 A = Elapsed time spent in this place.
 B = Non-inter-level travel time spent in this place.
 C = Inter-level travel time spent in this place.
 D = Time resting spent in this place.
 E = Time spent auto-exploring this place.
 F = Levels seen in this place.
 G = Mean time per level.
                   A        B        C        D        E       F      G
               +--------+--------+--------+--------+--------+-----+--------+
         Total |   2707 |   2661 |     46 |     22 |   2037 |   5 |  541.4 |
       Dungeon |   2367 |   2321 |     46 |      0 |   1888 |   4 |  591.8 |
         Sewer |    340 |    340 |      0 |     22 |    149 |   1 |  340.0 |
               +--------+--------+--------+--------+--------+-----+--------+

Top non-repeatable levels by time:
     D:2: 770 daAuts
     D:3: 732 daAuts
     D:1: 715 daAuts
   Sewer: 340 daAuts
     D:4: 149 daAuts
